 Dungeon Crawl Stone Soup version 0.21.1-1-g345015f (webtiles) character file.

28 miragecloak the Skirmisher (level 3, -1/34 HPs)
             Began as a Minotaur Abyssal Knight on July 31, 2018.
             Was a Follower of Lugonu.
             Slain by a gnoll (2 damage)
             ... on level 2 of the Dungeon.
             The game lasted 00:01:39 (674 turns).

miragecloak the Skirmisher (Minotaur Abyssal Knight) Turns: 674, Time: 00:01:40

Health: -1/34      AC:  3    Str: 17    XL:     3   Next: 0%
Magic:  3/3        EV: 11    Int:  9    God:    Lugonu [*.....]
Gold:   7          SH:  0    Dex:  9    Spells: 2/2 levels left

rFire    . . .     SeeInvis .   a - +1 mace
rCold    . . .     Gourm    .   (no shield)
rNeg     . . .     Faith    .   b - +0 leather armour
rPois    .         Spirit   .   (helmet restricted)
rElec    .         Reflect  .   (no cloak)
rCorr    .         Harm     .   (no gloves)
MR       .....                  (no boots)
Stlth    +.........             (no amulet)
HPRegen  0.11/turn              (no ring)
MPRegen  0.08/turn              (no ring)

@: heavily drained
A: retaliatory headbutt, horns 2
a: Depart the Abyss, Renounce Religion


You were on level 2 of the Dungeon.
You worshipped Lugonu.
Lugonu was aware of your devotion.
You were not hungry.

You visited 1 branch of the dungeon, and saw 2 of its levels.
You visited the Abyss 1 time.

You collected 7 gold pieces.

Inventory:

Hand Weapons
 a - a +1 mace (weapon)
Armour
 b - a +0 leather armour (worn)
 g - a +0 large shield of reflection
Scrolls
 d - 3 scrolls of enchant armour {unknown}
 i - a scroll of fear {unknown}
 k - a scroll of enchant weapon {unknown}
 l - a scroll of magic mapping {unknown}
 n - a scroll of identify {unknown}
Potions
 e - a potion of degeneration {unknown}
 f - a potion of ambrosia {unknown}
 m - a potion of invisibility {unknown}
Comestibles
 c - 2 rations


   Skills:
 + Level 4.7(2.9) Fighting
 + Level 2.6(1.0) Maces & Flails
 + Level 2.6(1.0) Armour
 + Level 1.2(0.0) Dodging
 + Level 1.9(0.3) Invocations


You had 2 spell levels left.
You didn't know any spells.

Dungeon Overview and Level Annotations

Branches:
Dungeon (2/15)

Altars:


Innate Abilities, Weirdness & Mutations

You reflexively headbutt those who attack you in melee.
You have a pair of horns on your head.


Message History

You can't do that while held in a net.
You struggle against the net.
The gnoll barely misses you. The gnoll hits you.
You tear a large gash into the net.
The gnoll sergeant closely misses you. The gnoll hits you.
You shred the net and break free! The gnoll sergeant closely misses you.
The gnoll hits you but does no damage. The gnoll closely misses you.
The gnoll hits you from afar with a spear!
The gnoll hits you! The gnoll barely misses you.
The gnoll sergeant closely misses you. You furiously retaliate!
You headbutt the gnoll sergeant. The gnoll closely misses you.
You hit the gnoll sergeant but do no damage.
The gnoll sergeant is lightly wounded.
The gnoll barely misses you. The gnoll hits you with a whip.
* * * LOW HITPOINT WARNING * * *
The gnoll sergeant hits you with a spear!
* * * LOW HITPOINT WARNING * * *
The gnoll hits you.
You die...

#.?.....#
#.#.#.#.#
#.......#
#.#.#.#.#
#.?.<...###
#.#.#.#...#
#.!..g..###
##.#.#g#.#
#....g@gg#
#.#..#####
# #.. ##.


You could see a gnoll sergeant and 4 gnolls.

Vanquished Creatures
  2 dart slugs (D:1)
  A giant cockroach (D:1)
  3 hobgoblins (D:1)
  7 jackals (D:1)
  3 goblins (D:1)
  3 kobolds (D:1)
  3 rats (D:1)
22 creatures vanquished.

Notes
Turn   | Place    | Note
-------+----------+-------------------------------------------
     0 | Abyss:1  | miragecloak the Minotaur Abyssal Knight began the quest for the Orb.
     0 | Abyss:1  | Reached XP level 1. HP: 19/19 MP: 1/1
    36 | Abyss:1  | Found a corrupted altar of Lugonu.
    54 | Abyss:1  | Noticed a wretched star
    54 | D:1      | Escaped the Abyss
    90 | D:1      | Reached skill level 4 in Fighting
   314 | D:1      | Reached XP level 2. HP: 27/27 MP: 2/2
   374 | D:1      | Reached * piety under Lugonu
   607 | D:1      | Reached XP level 3. HP: 34/34 MP: 3/3
   662 | D:2      | Noticed a gnoll sergeant
   674 | D:2      | HP: 1/34 [gnoll sergeant/spear (9)]
   674 | D:2      | Slain by a gnoll

Skill      XL: |  1 |
---------------+----+-----
Fighting       | 4 |  4.7
Maces & Flails | |  2.6
Armour         | |  2.6
Dodging        | |  1.2
Invocations    | |  1.9

Action                   || total
-------------------------++-------
Melee: Mace              ||    34
       Headbutt          ||     4
Invok: Depart the Abyss  ||     1
Armor: Leather armour    ||     8
Dodge: Dodged            ||    40
